 Dungeon Crawl Stone Soup version 0.32-a0-933-ga8fa3634e4 (webtiles) character file.

Game seed: 4361188827364710433

51 Heh the Charlatan (level 3, -5/29 HPs)
             Began as a Coglin Artificer on Apr 14, 2024.
             Slain by a gnoll
             ... wielding a +1 spear of venom
              (6 damage)
             ... on level 2 of the Dungeon.
             The game lasted 00:01:18 (1486 turns).

Heh the Charlatan (Coglin Artificer)                Turns: 1486, Time: 00:01:19

Health: -5/29      AC:  4    Str: 12    XL:     3   Next: 81%
Magic:  3/3        EV: 10    Int: 10    God:
Gold:   101        SH:  0    Dex: 16    Spells: 2/2 levels left

rFire   . . .        a - +0 club {Kenzo}
rCold   . . .        f - +0 dagger {Navbir}
rNeg    . . .        b - +0 leather armour
rPois   .            (no helmet)
rElec   .            (no cloak)
rCorr   .            p - +0 pair of gloves
SInv    .            (no boots)
Will    .....        (amulet unavailable)
Stlth   +            (ring unavailable)
HPRegen 0.24/turn    (ring unavailable)
MPRegen 0.08/turn    (no gizmo)

%: no passive effects
@: lethally poisoned (-5 -> -16), invisible, revving
A: off-hand wielding, slow wielding, warmup strikes, no jewellery
a: Invent Gizmo


You were on level 2 of the Dungeon.
You visited 1 branch of the dungeon, and saw 2 of its levels.

You collected 101 gold pieces.

Inventory:

Hand Weapons
 a - a +0 club (weapon) {Kenzo}
 f - a +0 dagger (offhand) {Navbir}
Missiles
 g - 5 boomerangs (quivered)
Armour
 b - a +0 leather armour (worn)
 p - a +0 pair of gloves (worn)
Wands
 c - a wand of flame (14)
 d - a wand of charming (15)
 e - a wand of iceblast (5)
Scrolls
 i - 4 scrolls of identify {unknown}
 j - 2 scrolls of noise {unknown}
 k - a scroll of enchant weapon {unknown}
 l - 2 scrolls of fear {unknown}
 m - a scroll of poison {unknown}
 o - a scroll of teleportation {unknown}
Potions
 n - a potion of haste {unknown}
 q - a potion of curing {unknown}
 r - a potion of heal wounds {unknown}


   Skills:
 + Level 3.5 Fighting
 - Level 1.7 Armour
 - Level 0.8 Dodging
 - Level 0.7 Stealth
 - Level 4.0 Evocations


You had 2 spell levels left.
You didn't know any spells.
Your spell library was empty.

Dungeon Overview and Level Annotations

Branches:
Dungeon (2/15)

Altars:


Innate Abilities, Weirdness & Mutations

You can wield a second weapon in your off-hand.
It takes a long time for you to wield or remove held weapons.
Your first few attacks do less damage.
You cannot equip rings or amulets.


Message History

You barely miss the quokka with your +0 dagger.
The quokka is severely wounded.
You hit the quokka with your +0 club.
You kill the quokka!
r - a viscous clear potion A gnoll comes into view.
It is wielding a +1 spear of venom.
The gnoll shouts!
A gnoll is nearby!
A gnoll comes into view. It is wielding a +0 spear.
The gnoll shouts!
A gnoll comes into view. It is wielding a +0 flail.
Found a stone staircase leading down.
The gnoll hits you with a +1 spear of venom.
You are poisoned.
You hit the gnoll with your +0 dagger.
The gnoll is lightly wounded.
You barely miss the gnoll with your +0 club.
You feel sick. The gnoll barely misses you.
The gnoll hits you from afar with a +0 spear.
You hit the gnoll with your +0 club.
The gnoll is moderately wounded.
You hit the gnoll with your +0 dagger.
You feel sick.
The gnoll hits you from afar with a +0 spear.
The gnoll hits you with a +1 spear of venom.
You are more poisoned.
You hit the gnoll with your +0 dagger.
The gnoll is severely wounded.
You barely miss the gnoll with your +0 club.
You feel sick.
The gnoll hits you from afar with a +0 spear.
The gnoll hits you with a +1 spear of venom.
* * * LOW HITPOINT WARNING * * *
You are more poisoned.
It was a potion of invisibility.
You fade into invisibility!
* * * LOW HITPOINT WARNING * * *
You feel very sick. The gnoll hits you but does no damage.
The gnoll hits you with a +1 spear of venom.
You die...

#######.##.# #.#
............####.####
########.##.........#########
# #....#.##.####............#
# #....#.##.# #.############
# #....#.##.# #.# #
#....#.##.# #.# ###....#.##.#
#.# .......'.##.# #@#
###....####.# #g# # #....#
#g# # #....# #g# # ###### #.#
# #.# # #.# . .>#


You could see 3 gnolls.

Vanquished Creatures
  2 adders (D:2)
  3 ball pythons (D:1)
  2 endoplasms
  A giant cockroach (D:1)
  2 hobgoblins
  4 jackals (D:1)
  2 quokkas (D:2)
  4 bats (D:1)
  3 frilled lizards (D:1)
  2 goblins (D:1)
  4 kobolds (D:1)
  3 rats
32 creatures vanquished.

Notes
Turn   | Place    | Note
-------+----------+-------------------------------------------
     0 | D:1      | Heh the Coglin Artificer began the quest for the Orb.
     0 | D:1      | Reached XP level 1. HP: 15/15 MP: 1/1
   218 | D:1      | Reached XP level 2. HP: 22/22 MP: 2/2
   749 | D:1      | Found a faded altar of an unknown god.
   941 | D:1      | Reached XP level 3. HP: 25/28 MP: 3/3
  1486 | D:2      | HP: 1/29 [poisoned by a gnoll]
  1486 | D:2      | Slain by a gnoll

Illustrated notes

Levels and vault maps discovered:
D:1:      zelgadis_glass_arrival_small, layout_basic,
          shapermc_ecumenical_altar_hornbeckon
D:2:      layout_basic, uniq_natasha

Skill      XL: |  1  2  3 |
---------------+----------+-----
Fighting       | 2 3 |  3.5
Armour         | |  1.7
Dodging        | |  0.8
Stealth        | |  0.7
Evocations     | |  4.0

Action                     || total
---------------------------++-------
  Melee: Dagger            ||    83
         Club              ||    82
  Throw: Boomerang         ||     3
  Evoke: Wand              ||     1
    Use: Potion            ||     1
   Stab: Sleeping          ||     2
 Armour: Leather armour    ||    66
  Dodge: Dodged            ||    67

Table legend: (Time is in decaauts)
 A = Elapsed time spent in this place.
 B = Non-inter-level travel time spent in this place.
 C = Inter-level travel time spent in this place.
 D = Time resting spent in this place.
 E = Time spent auto-exploring this place.
 F = Levels seen in this place.
 G = Mean time per level.
                   A        B        C        D        E       F      G
               +--------+--------+--------+--------+--------+-----+--------+
         Total |   1504 |   1502 |      2 |      0 |   1271 |   2 |  752.0 |
       Dungeon |   1504 |   1502 |      2 |      0 |   1271 |   2 |  752.0 |
               +--------+--------+--------+--------+--------+-----+--------+

Top non-repeatable levels by time:
     D:1: 1132 daAuts
     D:2: 372 daAuts
